AoeStats
← Mycorrhizal

Lombardia

508926157Analyzed
3v3 RM · 7d ago on Sep 24, 2026· 51m 15s· 6 players
Game mode
Random Map
Map size
Normal (6 player)
Population
200
Speed
Normal
Resources
Standard
Victory
Conquest
Starting age
Dark Age
Ending age
Imperial Age
RankedLock teamsTeams togetherTeam positionsShared explorationLock speedFull tech treeHidden civsTurbo modeCheats
Victory
Defeat
🇨🇦 Tatars · Canada
1429
+12
🇩🇪 Magyars · Germany
1402
+13
🇧🇷 Goths · Brazil
1358
+15
🇬🇧 Persians · United Kingdom
1506
-19
🇧🇪 Maya · Belgium
1280
-11
🇳🇱 Romans · Netherlands
1253
-10
GamerDad
3:52 Loom
11:47 Feudal Age
14:18 Double-Bit Axe
17:52 Castle Age
16:04 Horse Collar
18:46 Wheelbarrow
20:28 Bow Saw
24:10 Scale Barding Armor
24:42 Bloodlines
25:02 Town Watch
27:34 Chain Barding Armor
36:56 Imperial Age
34:31 Heavy Plow
35:37 Hand Cart
35:21 Gold Mining
36:56 Husbandry
37:08 Cavalier
38:27 Light Cavalry
39:29 Town Patrol
41:19 Paladin
42:17 Elite Skirmisher
45:39 Plate Barding Armor
48:55 Fletching
49:06 Padded Archer Armor
50:53 Capped Ram
Mycorrhizal
7:18 Loom
9:24 Feudal Age
12:42 Double-Bit Axe
12:40 Horse Collar
19:29 Castle Age
18:08 Fletching
19:10 Gold Mining
19:51 Bloodlines
20:12 Bodkin Arrow
22:00 Bow Saw
23:19 Padded Archer Armor
26:09 Wheelbarrow
26:57 Stone Mining
27:51 Leather Archer Armor
29:10 Ballistics
30:33 Hand Cart
35:29 Imperial Age
34:29 Gold Shaft Mining
35:38 Heavy Cavalry Archer
36:40 Town Watch
37:50 Conscription
39:14 Chemistry
38:44 Bracer
39:09 Silk Armor
40:11 Husbandry
39:32 Light Cavalry
40:46 Ring Archer Armor
41:01 Guilds
41:00 Scale Barding Armor
41:06 Forging
41:30 Masonry
43:42 Coinage
42:38 Hussar
43:40 Chain Barding Armor
43:59 Iron Casting
48:42 Timurid Siegecraft
[ GG ] SHAKA
0:31 Loom
11:02 Feudal Age
12:01 Double-Bit Axe
11:44 Man-at-Arms
17:53 Horse Collar
23:20 Castle Age
21:39 Scale Mail Armor
22:08 Forging
22:49 Gold Mining
22:52 Stone Mining
24:46 Bow Saw
24:00 Pikeman
25:40 Stone Shaft Mining
25:28 Heavy Plow
27:28 Squires
29:08 Wheelbarrow
30:35 Anarchy
31:47 Iron Casting
31:27 Chain Mail Armor
36:49 Imperial Age
34:51 Hand Cart
38:06 Crop Rotation
38:39 Perfusion
39:00 Conscription
39:43 Blast Furnace
40:11 Town Watch
40:00 Elite Huskarl
40:49 Halberdier
45:17 Chemistry
43:57 Treadmill Crane
Ganjii x
7:46 Loom
10:28 Feudal Age
14:16 Castle Age
12:43 Double-Bit Axe
19:18 Scale Barding Armor
19:58 Forging
20:53 Bloodlines
22:10 Chain Barding Armor
22:00 Town Watch
24:04 Horse Collar
25:10 Bow Saw
27:19 Wheelbarrow
27:12 Heavy Plow
28:42 Husbandry
29:04 Hand Cart
37:18 Gold Mining
37:18 Stone Mining
40:07 Imperial Age
40:32 Gold Shaft Mining
40:33 Stone Shaft Mining
39:51 Cavalier
41:11 Plate Barding Armor
41:31 Conscription
42:50 Savar
45:03 Iron Casting
45:46 Light Cavalry
Frédéric Baybars
0:28 Loom
11:33 Feudal Age
18:15 Castle Age
18:11 Fletching
19:17 Double-Bit Axe
20:29 Town Watch
22:58 Bodkin Arrow
24:18 Bow Saw
27:31 Ballistics
27:45 Horse Collar
29:07 Padded Archer Armor
31:54 Gold Mining
32:47 Leather Archer Armor
34:45 Stone Mining
40:54 Imperial Age
39:51 Wheelbarrow
40:27 Masonry
40:53 Fortified Wall
41:16 Murder Holes
41:55 Bracer
41:53 Elite Plumed Archer
43:12 Ring Archer Armor
44:25 Chemistry
45:42 Conscription
50:38 Hoardings
51:30 Architecture
Kez
5:12 Loom
10:49 Feudal Age
11:20 Feudal Age
15:11 Castle Age
20:27 Double-Bit Axe
23:12 Horse Collar
25:25 Heavy Plow
26:21 Gold Mining
27:45 Wheelbarrow
30:22 Imperial Age
27:57 Town Watch
29:39 Hand Cart
28:51 Man-at-Arms
29:32 Squires
29:37 Stone Mining
30:13 Scale Mail Armor
29:40 Pikeman
29:41 Long Swordsman
30:44 Forging
31:07 Legionary
32:33 Capped Ram
33:56 Chain Mail Armor
34:55 Bow Saw
35:27 Iron Casting
35:33 Halberdier
37:04 Coinage
37:10 Conscription
36:15 Heavy Scorpion
37:36 Ballistics
38:40 Chemistry
37:50 Ballistas
39:24 Blast Furnace
38:16 Fletching
38:37 Masonry
40:37 Siege Engineers
42:05 Comitatenses
43:34 Bodkin Arrow
44:10 Architecture
43:36 Murder Holes
45:17 Fortified Wall
46:43 Gold Shaft Mining
45:37 Siege Ram
46:44 Caravan
47:20 Banking
Connection lost

Rejoining the realm…

Still unreachable

The connection could not be restored.

Session expired

The server has moved on; the page needs a fresh start.